[Event "*** Qualifier 4: Titled Tuesday 3|2 Blitz"]
[Site "Chess.com"]
[Date "2017.04.25"]
[Round "2"]
[White "Osensei"]
[Black "aa175"]
[Result "1/2-1/2"]
[WhiteElo "1691"]
[BlackElo "1818"]
[TimeControl "180+2"]
[EndTime "13:18:19 PDT"]
[Termination "Game drawn by agreement"]

1. e4 e5 2. Nf3 Nc6 3. Bb5 Nf6 4.
d3 Bc5 5. O-O O-O 6. Nc3 d6 7.
h3 h6 8. a3 a6 9. Ba4 Be6 10.
Be3 Ba7 11. Bxc6 bxc6 12. Qe1 Bxe3 13. fxe3 Rb8 14. Rb1 Nd7 15. Nh4 d5 16. Nf5 dxe4 17. Nxe4 Ba2 18. Qg3 g6 19. Ra1 Rxb2 20. Nxh6+ Kg7 21.
Nf5+ Kg8 22. Nh6+ Kg7 23. Nf5+ Kg8 1/2-1/2

[Event "*** Qualifier 4: Titled Tuesday 3|2 Blitz"]
[Site "Chess.com"]
[Date "2017.04.25"]
[Round "2"]
[White "Lawliet64"]
[Black "Ibtihal24"]
[Result "0-1"]
[WhiteElo "1485"]
[BlackElo "1503"]
[TimeControl "180+2"]
[EndTime "13:18:25 PDT"]
[Termination "Ibtihal24 won by checkmate"]

1. e4 c5 2. Nc3 Nc6 3. Bc4 g6 4. d3 Bg7 5. f4 d6 6. Nf3 Bg4 7. h3 Bxf3 8. Qxf3 Nd4 9. Qf2 Nf6 10.
Be3 Nc6 11. O-O O-O 12. Rae1 e6 13. Qh4 d5 14. exd5 exd5 15. f5 dxc4 16. fxg6 fxg6 17. Qxc4+ Kh8 18. Bxc5 Re8 19. Qf7 Rxe1 20. Rxe1 b6 21. Ba3 Qd4+ 22. Kh1 Ne5 23. Qb7 Re8 24. Nb5 Qf2 25.
Rg1 Nfg4 26. hxg4 Qh4# 0-1

[Event "*** Qualifier 4: Titled Tuesday 3|2 Blitz"]
[Site "Chess.com"]
[Date "2017.04.25"]
[Round "2"]
[White "TregubovP"]
[Black "rithwik2002"]
[Result "1-0"]
[WhiteElo "1923"]
[BlackElo "1790"]
[TimeControl "180+2"]
[EndTime "13:18:41 PDT"]
[Termination "TregubovP won by resignation"]

1. d4 Nf6 2. c4 e6 3. Nc3 d5 4.
cxd5 exd5 5. Bg5 Nbd7 6. e3 c6 7. Bd3 Be7 8. Nf3 Nh5 9. Bxe7 Qxe7 10. O-O g6 11. e4 dxe4 12. Nxe4 O-O 13. Re1 Ndf6 14.
Nc5 Qc7 15. Qd2 Qf4 16. Rad1 b6 17. Ne4 Nxe4 18. Bxe4 Qxd2 19. Rxd2 Bd7 20. Ne5 Rad8 21. Bxc6 Be6 22. d5 Nf6 23. Red1 Bf5 24. d6 Ne4 25. Bxe4 Bxe4 26. f3 Rfe8 27. Ng4 Bc6 28. Nf6+ Kg7 29.
Nxe8+ Rxe8 30. d7 Rd8 31. Rd6 1-0

[Event "*** Qualifier 4: Titled Tuesday 3|2 Blitz"]
[Site "Chess.com"]
[Date "2017.04.25"]
[Round "2"]
[White "OparinGrigoriy"]
[Black "stepanosinovsky"]
[Result "1-0"]
[WhiteElo "2593"]
[BlackElo "2263"]
[TimeControl "180+2"]
[EndTime "13:18:57 PDT"]
[Termination "OparinGrigoriy won by resignation"]

1. Nf3 Nf6 2. g3 g6 3. Bg2 Bg7 4. O-O O-O 5. c4 d6 6. Nc3 Nbd7 7. e3 e5 8. Qe2 Re8 9. d3 c6 10. b4 e4 11. Ne1 Ne5 12. d4 Bg4 13. f3 exf3 14.
Nxf3 Nxf3+ 15. Bxf3 Qd7 16. Bd2 Re7 17. Bxg4 Nxg4 18.
Qd3 Rae8 19. e4 d5 20. cxd5 cxd5 21. e5 f6 22. h3 fxe5 23. hxg4 exd4 24. Nd1 Qxg4 25.
Nf2 Qh5 26. Rae1 Re2 27. Rxe2 Qxe2 28. Qxe2 Rxe2 29. Rd1 Be5 30. Kf1 Re4 31. Nxe4 dxe4 32.
Bf4 Bf6 33. Re1 e3 34. Ke2 g5 35. Bb8 a6 36. g4 Kf7 37. Rf1 Kg6 38. Kd3 Bg7 39. a4 h5 40. gxh5+ Kxh5 41. Rf7 Kg6 42.
Rxb7 g4 43. Rb6+ Kf5 44. Rxa6 Be5 45. Ra5 Kf4 46. Rxe5 Kf3 47. Re4 g3 48. Bxg3 1-0

[Event "*** Qualifier 4: Titled Tuesday 3|2 Blitz"]
[Site "Chess.com"]
[Date "2017.04.25"]
[Round "2"]
[White "Konavets"]
[Black "TheCount"]
[Result "1-0"]
[WhiteElo "2694"]
[BlackElo "2471"]
[TimeControl "180+2"]
[EndTime "13:19:03 PDT"]
[Termination "Konavets won by resignation"]

1. e4 e5 2. Bc4 Nc6 3. Nf3 Nf6 4.
d3 Bc5 5. O-O a6 6. a4 O-O 7. c3 d5 8. exd5 Nxd5 9. Nbd2 Nb6 10. Ba2 Qxd3 11. Bb1 Qd8 12. b4 Be7 13. Qc2 f5 14. b5 axb5 15. Ba2+ Kh8 16. axb5 e4 17. bxc6 exf3 18. Nxf3 bxc6 19. Bf4 Nd5 20. Be5 Bf6 21. Rad1 Bxe5 22. Nxe5 Qf6 23. Rfe1 Be6 24. Nxc6 Qxc3 25. Bb1 Qxc2 26. Bxc2 Rfe8 27. h4 g6 28. g3 Bf7 29.
Rxe8+ Rxe8 30. Bb3 Re6 31. Bxd5 Rd6 32. Bf3 1-0

[Event "*** Qualifier 4: Titled Tuesday 3|2 Blitz"]
[Site "Chess.com"]
[Date "2017.04.25"]
[Round "2"]
[White "Indianlad"]
[Black "Ar4uha"]
[Result "1-0"]
[WhiteElo "2702"]
[BlackElo "2466"]
[TimeControl "180+2"]
[EndTime "13:19:06 PDT"]
[Termination "Indianlad won by resignation"]

1. d4 Nf6 2. c4 e6 3. Nc3 Bb4 4. e3 O-O 5. Bd3 d5 6. Ne2 b6 7. cxd5 exd5 8. O-O Bb7 9. a3 Bd6 10. b4 a6 11. Ng3 Re8 12. Bb2 g6 13. Re1 Nbd7 14.
Qb3 h5 15. Nf1 Ne4 16. Nxe4 dxe4 17. Bc4 Qe7 18. a4 Nf6 19. b5 axb5 20. axb5 Rxa1 21. Rxa1 Ra8 22. Rxa8+ Bxa8 23. Qa2 Bb7 24. Qa7 Bc8 25. Qa8 Qe8 26. Nd2 Bd7 27. Qxe8+ Bxe8 28. d5 Be7 29. Kf1 Ng4 30. Nxe4 Nxh2+ 31. Ke2 Ng4 32. f3 f5 33.
d6+ Kf8 34. dxe7+ Kxe7 35. fxg4 fxe4 36. gxh5 gxh5 37. Be5 c6 38. bxc6 Bxc6 39. Kf2 b5 40.
Bb3 Bd7 41. Kg3 Be6 42. Bxe6 Kxe6 43. Bd4 Kd5 44. Kh4 Kc4 45. Kxh5 b4 46. g4 1-0

[Event "*** Qualifier 4: Titled Tuesday 3|2 Blitz"]
[Site "Chess.com"]
[Date "2017.04.25"]
[Round "2"]
[White "GMHess"]
[Black "Rodalquilar"]
[Result "1-0"]
[WhiteElo "2572"]
[BlackElo "2549"]
[TimeControl "180+2"]
[EndTime "13:19:10 PDT"]
[Termination "GMHess won by resignation"]

1. c4 e6 2. d4 Nf6 3. Nf3 d5 4.
g3 Be7 5. Bg2 O-O 6. O-O dxc4 7.
Qa4 b6 8. Ne5 Qxd4 9. Bxa8 Qxe5 10. Qxa7 Bd7 11. Nc3 Nc6 12. Bxc6 Bxc6 13. Bf4 Qh5 14.
Qxc7 Ng4 15. h4 g5 16. Bxg5 Bxg5 17. Qxc6 Bxh4 18. Qh1 1-0

[Event "*** Qualifier 4: Titled Tuesday 3|2 Blitz"]
[Site "Chess.com"]
[Date "2017.04.25"]
[Round "2"]
[White "Mbneu"]
[Black "GamayevOleg"]
[Result "0-1"]
[WhiteElo "2177"]
[BlackElo "2345"]
[TimeControl "180+2"]
[EndTime "13:19:14 PDT"]
[Termination "GamayevOleg won by resignation"]

1. d4 c6 2. c4 d5 3. Nc3 Nf6 4.
Nf3 dxc4 5. e4 b5 6. e5 Nd5 7. Ne4 e6 8. Be2 Nd7 9. O-O c5 10. Bg5 Qb6 11. a4 cxd4 12. axb5 d3 13. Bxd3 cxd3 14. Qxd3 Nc5 15. Nxc5 Bxc5 16. Bd2 h6 17. Qc4 O-O 18. Ba5 Qb7 19. Qxc5 Nf4 20. Qc6 Rb8 21. Bc7 Qxb5 22. Qxb5 Rxb5 23. Bd6 Re8 24. Rxa7 Rxb2 25. Rc1 Bb7 26. Re1 g5 27. h3 Bxf3 28. gxf3 Nxh3+ 29. Kg2 Nxf2 30. Kg3 Nd3 31. Rh1 Nf4 32. Rh2 Rxh2 33.
Kxh2 Rc8 34. Be7 Kg7 35. Bf6+ Kg6 36. Re7 Rc2+ 37. Kh1 Ne2 38. Re8 Nd4 39. Rg8+ Kf5 40.
Rh8 Nxf3 41. Rxh6 Nxe5 0-1

[Event "*** Qualifier 4: Titled Tuesday 3|2 Blitz"]
[Site "Chess.com"]
[Date "2017.04.25"]
[Round "2"]
[White "GGuseinov"]
[Black "DiogenesSinopeus"]
[Result "1-0"]
[WhiteElo "2694"]
[BlackElo "2250"]
[TimeControl "180+2"]
[EndTime "13:19:15 PDT"]
[Termination "GGuseinov won by resignation"]

1. e4 e5 2. Nf3 Nc6 3. Bb5 a6 4.
Bxc6 dxc6 5. O-O Bd6 6. c3 c5 7. d4 cxd4 8. cxd4 exd4 9. Qxd4 f6 10. Nbd2 Be6 11. Nc4 Bxh2+ 12. Kxh2 Qxd4 13. Nxd4 Bxc4 14. Rd1 O-O-O 15. Bf4 g5 16. Bg3 h5 17. Rac1 h4 18.
Bxc7 Kxc7 19. Ne6+ Kb6 20. Nxd8 Be2 21. Rd6+ Ka7 22. Rc8 h3 23. g3 Rh7 24. Nc6+ bxc6 25.
Rxg8 g4 26. Rxf6 Rd7 27. Rxc6 Bf3 28. Rf6 Bxe4 29. Rxg4 Bg2 30. Rgg6 Kb7 31. Rb6+ Kc7 32. Rbf6 a5 33. g4 Kd8 34. Rd6 1-0

[Event "*** Qualifier 4: Titled Tuesday 3|2 Blitz"]
[Site "Chess.com"]
[Date "2017.04.25"]
[Round "2"]
[White "cailinchetty"]
[Black "FearlessKing64"]
[Result "0-1"]
[WhiteElo "1946"]
[BlackElo "2111"]
[TimeControl "180+2"]
[EndTime "13:19:24 PDT"]
[Termination "FearlessKing64 won by resignation"]

1. e4 c5 2. Nf3 d6 3. d4 cxd4 4.
Nxd4 Nf6 5. Nc3 a6 6. Bg5 e6 7. f4 Be7 8. Qf3 h6 9. Bxf6 Bxf6 10. O-O-O Qb6 11. Nb3 Qc7 12. Ne2 Nc6 13. g4 Bd7 14. Kb1 O-O-O 15. Bg2 Kb8 16. h4 Rc8 17. g5 hxg5 18.
hxg5 Rxh1 19. Rxh1 Be7 20. Rh7 Bf8 21. c3 a5 22.
Nbd4 Nxd4 23. Nxd4 a4 24. a3 Qb6 25. Bh3 d5 26. exd5 Bxa3 27. Qg2 Rxc3 28. Qd2 Rd3 29.
Qc2 Rxd4 30. dxe6 Bxe6 31. Bxe6 fxe6 32. Rh8+ Ka7 33. Ka2 Bd6 34. Rg8 Bxf4 35. Rxg7 Be5 36. Rg6 Rc4 37. Qd2 Rb4 0-1

[Event "*** Qualifier 4: Titled Tuesday 3|2 Blitz"]
[Site "Chess.com"]
[Date "2017.04.25"]
[Round "2"]
[White "AllStarShark"]
[Black "MyleneFarmer"]
[Result "0-1"]
[WhiteElo "2292"]
[BlackElo "2328"]
[TimeControl "180+2"]
[EndTime "13:19:36 PDT"]
[Termination "MyleneFarmer won on time"]

1. d4 Nf6 2. Bg5 c5 3. Nc3 cxd4 4. Qxd4 Nc6 5. Qh4 d6 6. O-O-O Be6 7. e4 Ng4 8. h3 Nge5 9. f4 Ng6 10. Qh5 h6 11. Bxe7 Qxe7 12. f5 Nf4 13. Qf3 Qg5 14. fxe6 Ne2+ 15.
Kb1 Nxc3+ 16. Qxc3 fxe6 17. Bb5 Qxb5 18. Nf3 O-O-O 19.
b3 Kb8 20. a4 Qb6 21. Nh4 Be7 22. Ng6 Bf6 23. Qg3 Rhe8 24. Rxd6 Qc7 25. Rxd8+ Rxd8 26. Qxc7+ Kxc7 27. e5 Nxe5 28. Nxe5 Bxe5 29. Rf1 Bf6 30. Re1 Rd2 31. Rxe6 Rd1+ 0-1

[Event "*** Qualifier 4: Titled Tuesday 3|2 Blitz"]
[Site "Chess.com"]
[Date "2017.04.25"]
[Round "2"]
[White "chesstatour"]
[Black "silverback96"]
[Result "0-1"]
[WhiteElo "1881"]
[BlackElo "2039"]
[TimeControl "180+2"]
[EndTime "13:19:43 PDT"]
[Termination "silverback96 won on time"]

1. e4 c6 2. d4 d5 3. e5 Bf5 4.
Nf3 e6 5. Be2 h6 6. O-O Bb4 7.
c3 Ba5 8. b4 Bc7 9. Nbd2 a5 10.
b5 c5 11. dxc5 Nd7 12. Nd4 Bxe5 13. Nxf5 exf5 14. c6 bxc6 15. bxc6 Nb6 16. Qc2 Ne7 17. c7 Bxc7 18. Bb5+ Nd7 19. Ba3 O-O 20. Rfe1 Re8 21. Bxe7 Rxe7 22. Qxf5 Rxe1+ 23. Rxe1 Bxh2+ 24. Kh1 Nf6 25. g3 d4 26. c4 Bxg3 27. fxg3 Qd6 28. Kg2 Qb4 29. Re2 a4 30. Rf2 a3 31. Bc6 Ra5 32. Bd5 Qd6 33. Qd3 Nxd5 34. cxd5 Qxd5+ 35. Qf3 Qxa2 36. Ne4 Qd5 37. g4 a2 38. Rf1 Kh8 0-1

[Event "*** Qualifier 4: Titled Tuesday 3|2 Blitz"]
[Site "Chess.com"]
[Date "2017.04.25"]
[Round "2"]
[White "yurisolo"]
[Black "Hikaru"]
[Result "0-1"]
[WhiteElo "2472"]
[BlackElo "2954"]
[TimeControl "180+2"]
[EndTime "13:19:48 PDT"]
[Termination "Hikaru won by checkmate"]

1. e4 e6 2. d4 d5 3. Nc3 Nf6 4. e5 Nfd7 5. f4 c5 6. Nf3 a6 7. Be3 Qb6 8. Na4 Qa5+ 9. c3 cxd4 10. Nxd4 b5 11. b4 Qxa4 12. Qh5 g6 13. Qh3 Qa3 14. Bc1 Qa4 15. Bb2 Nb6 16. Be2 Nc4 17. Bd1 Nxb2 18. Bxa4 Nxa4 19. O-O Bg7 20. Rae1 O-O 21.
g4 Nd7 22. f5 exf5 23. e6 fxg4 24. exf7+ Rxf7 25. Qxg4 Nf6 26. Qg2 Nxc3 27. Rc1 Nfe4 28.
Rxf7 Bxd4+ 29. Kh1 Kxf7 30. Rf1+ Bf5 31. Qh3 Nf2+ 32.
Rxf2 Bxf2 33. Qf3 Bb6 34. h4 Rc8 35. Kh2 Rc4 36. h5 Rh4+ 37. Kg3 Ne4+ 38. Kxh4 g5# 0-1

[Event "*** Qualifier 4: Titled Tuesday 3|2 Blitz"]
[Site "Chess.com"]
[Date "2017.04.25"]
[Round "2"]
[White "asms9699"]
[Black "theprosecution1"]
[Result "0-1"]
[WhiteElo "2433"]
[BlackElo "2608"]
[TimeControl "180+2"]
[EndTime "13:19:53 PDT"]
[Termination "theprosecution1 won by checkmate"]

1. c4 e5 2. g3 Nc6 3. Nc3 Bc5 4.
Bg2 a6 5. Nf3 d6 6. O-O Nf6 7.
d3 h6 8. a3 O-O 9. b4 Ba7 10.
Bb2 Bg4 11. Rc1 Qd7 12. e3 Ne7 13. Qb3 Rab8 14. c5 Ng6 15. cxd6 cxd6 16. b5 Be6 17. Qa4 Rfc8 18. Nd2 Qd8 19. Nde4 Nxe4 20. Nxe4 Qd7 21.
Qb4 d5 22. b6 Bxb6 23. Qxb6 dxe4 24. Bxe4 Bf5 25. Rxc8+ Rxc8 26. Bxf5 Qxf5 27. Qxb7 Rc2 28. Qb3 Re2 29. Ba1 h5 30. Qc4 h4 31. gxh4 Qh3 32. Qe4 Nxh4 33. Qa8+ Kh7 34. Qe4+ f5 35. Qxe5 Qg2# 0-1

[Event "*** Qualifier 4: Titled Tuesday 3|2 Blitz"]
[Site "Chess.com"]
[Date "2017.04.25"]
[Round "2"]
[White "MateusViageiro"]
[Black "johnathan113"]
[Result "0-1"]
[WhiteElo "2270"]
[BlackElo "2455"]
[TimeControl "180+2"]
[EndTime "13:20:03 PDT"]
[Termination "johnathan113 won by resignation"]

1. Nf3 Nf6 2. g3 g6 3. Bg2 Bg7 4. d4 O-O 5. c4 d6 6. O-O Nc6 7. Nc3 a6 8. e4 Bg4 9. h3 Bxf3 10. Bxf3 Nd7 11. Be3 e5 12. d5 Nd4 13. Bg2 c5 14.
dxc6 bxc6 15. Ne2 c5 16. Nc3 Nb6 17. b3 a5 18. a4 Rb8 19. Rb1 Kh8 20. Nb5 f5 21. exf5 gxf5 22. f4 Qe7 23. Re1 Rg8 24. Bxd4 cxd4 25. Nxd4 Qf6 26. Nb5 exf4 27. gxf4 Rbd8 28.
Qf3 d5 29. c5 Nd7 30. c6 Qxc6 31. Qxd5 Qg6 32. Re6 Qg3 33. Qf3 Qxf3 34. Bxf3 Nc5 35.
Re2 Nd3 36. Kh1 Nxf4 37. Rh2 Be5 38. h4 Rd3 39. Be2 Nxe2 40. Re1 Ng3+ 41. Kg2 Ne4+ 42. Kh1 Bxh2 43. Kxh2 Rd2+ 44. Kh1 Nf2+ 45. Kh2 Nd3+ 0-1

[Event "*** Qualifier 4: Titled Tuesday 3|2 Blitz"]
[Site "Chess.com"]
[Date "2017.04.25"]
[Round "2"]
[White "Gordima"]
[Black "ChristopherYoo"]
[Result "1-0"]
[WhiteElo "2506"]
[BlackElo "2269"]
[TimeControl "180+2"]
[EndTime "13:20:16 PDT"]
[Termination "Gordima won by resignation"]

1. Nf3 Nf6 2. c4 g6 3. Nc3 d5 4.
cxd5 Nxd5 5. e3 Bg7 6. Bc4 Nxc3 7. bxc3 O-O 8. O-O a6 9. a4 Bd7 10. a5 Bc6 11. d4 e6 12. Ba3 Re8 13. Qe2 Nd7 14.
e4 Nf6 15. Bd3 Nd7 16. Rab1 b5 17. axb6 cxb6 18. e5 b5 19. Nd2 Nb6 20. Rbc1 Bd5 21. f3 Bh6 22. Rcd1 Bxd2 23. Qxd2 Nc4 24. Bxc4 Bxc4 25. Rfe1 Kg7 26. Re4 Bd5 27. Rg4 Rc8 28. Bc1 h5 29. Qh6+ Kg8 30. Bg5 Bxf3 31. Bf6 1-0

[Event "*** Qualifier 4: Titled Tuesday 3|2 Blitz"]
[Site "Chess.com"]
[Date "2017.04.25"]
[Round "2"]
[White "GrigorGrigorov"]
[Black "AverageRecord"]
[Result "1-0"]
[WhiteElo "2505"]
[BlackElo "2702"]
[TimeControl "180+2"]
[EndTime "13:20:21 PDT"]
[Termination "GrigorGrigorov won by resignation"]

1. d4 d5 2. Nf3 Nf6 3. c4 e6 4.
Bg5 dxc4 5. e3 a6 6. Bxc4 b5 7. Be2 Bb7 8. O-O Nbd7 9. a4 b4 10. Nbd2 h6 11. Bh4 c5 12. a5 Be7 13. Nc4 O-O 14.
Nfe5 cxd4 15. Qxd4 g5 16. Bg3 Nc5 17. Nb6 Nb3 18.
Qxd8 Raxd8 19. Rad1 Ne4 20. Ned7 Nxg3 21. fxg3 Bc5 22. Nxf8 Bxe3+ 23. Kh1 Rxd1 24. Bxd1 Nd2 25. Re1 Bxb6 26. axb6 Kxf8 27. Bf3 Nxf3 28. gxf3 Ke7 29. Rc1 Kd6 30. Rc7 Bxf3+ 31. Kg1 a5 32. Rxf7 1-0

[Event "*** Qualifier 4: Titled Tuesday 3|2 Blitz"]
[Site "Chess.com"]
[Date "2017.04.25"]
[Round "2"]
[White "rasool78"]
[Black "VMikhalevski"]
[Result "0-1"]
[WhiteElo "2237"]
[BlackElo "2541"]
[TimeControl "180+2"]
[EndTime "13:20:42 PDT"]
[Termination "VMikhalevski won on time"]

1. e4 e5 2. Nf3 Nc6 3. Bc4 Nf6 4.
d3 Be7 5. c3 O-O 6. Bb3 d5 7.
Nbd2 h6 8. O-O Be6 9. Qe2 Re8 10. Re1 Bf8 11. h3 Qd7 12. Ba4 Bd6 13. Nf1 a6 14. Ng3 b5 15. Bc2 Rad8 16. Nh4 Bf8 17. Nhf5 Kh8 18.
Qf3 Ng8 19. exd5 Bxd5 20. Qg4 g6 21. Ne3 f5 22. Qe2 Bf7 23. Nef1 Bg7 24. Nh1 Nf6 25. Nhg3 Nd5 26. Bd2 Nf4 27. Qd1 Nxd3 28. Bxd3 Qxd3 29. a4 e4 30. axb5 axb5 31. Re3 Qd5 32. Re1 Ne5 33. Qc2 Nd3 34. Re2 f4 35. Nh1 g5 36. Ra7 Bh5 0-1

[Event "*** Qualifier 4: Titled Tuesday 3|2 Blitz"]
[Site "Chess.com"]
[Date "2017.04.25"]
[Round "2"]
[White "dolynachess"]
[Black "GM_Huschenbeth"]
[Result "0-1"]
[WhiteElo "2355"]
[BlackElo "2306"]
[TimeControl "180+2"]
[EndTime "13:20:48 PDT"]
[Termination "GM_Huschenbeth won on time"]

1. c4 c5 2. g3 g6 3. Bg2 Bg7 4.
Nf3 Nc6 5. O-O e6 6. Nc3 Nge7 7. a3 O-O 8. Rb1 d5 9. cxd5 exd5 10. d3 d4 11. Ne4 b6 12. b4 cxb4 13. axb4 Nd5 14. b5 Na5 15. Ba3 Re8 16. Qd2 Nc3 17. Nxc3 dxc3 18.
Qc2 Bb7 19. Bb4 Rc8 20. Rfc1 Qf6 21. Ra1 Qe6 22. Bxa5 bxa5 23. Ng5 Qd7 24. Bxb7 Qxb7 25. Rxa5 Re5 26. Nf3 Rxb5 27. Ra2 Rb8 28. d4 Rb2 29. Rxb2 cxb2 30. Rb1 a5 31. h4 Qb4 32. e3 a4 33. Ne1 a3 34. Nd3 Qb3 35. Qc7 a2 0-1

[Event "*** Qualifier 4: Titled Tuesday 3|2 Blitz"]
[Site "Chess.com"]
[Date "2017.04.25"]
[Round "2"]
[White "GMOratovsky"]
[Black "politeplayer"]
[Result "0-1"]
[WhiteElo "2300"]
[BlackElo "2171"]
[TimeControl "180+2"]
[EndTime "13:20:53 PDT"]
[Termination "politeplayer won by resignation"]

1. e4 c6 2. d4 d5 3. Nd2 dxe4 4.
Nxe4 Nf6 5. Nxf6+ exf6 6. c3 Bd6 7. Bd3 O-O 8. Ne2 Qc7 9. h3 Re8 10. O-O Nd7 11. Qc2 Nf8 12. f4 c5 13. dxc5 Qxc5+ 14. Kh1 Qh5 15. Ng3 Qh4 16. Nf5 Bxf5 17. Bxf5 Re1 18.
Rxe1 Qxe1+ 19. Kh2 Bxf4+ 20. Bxf4 Qxa1 21. a3 Qf1 22. Bg3 Rd8 23. Bg4 Qd3 24. Qb3 Ng6 25.
Qxb7 f5 26. Bf3 f4 27. Bf2 Ne5 28. Bxa7 Nxf3+ 29. Qxf3 Qxf3 30. gxf3 Rd2+ 31. Kg1 Rxb2 32. Bc5 f6 33. Bb4 Kf7 34. a4 Ke6 35. Kf1 Kd5 36. a5 g6 37. Ke1 Rh2 38. Kd1 Rxh3 39. a6 Rh1+ 40. Kc2 Ra1 41. Kb3 Rxa6 42. Be7 Rb6+ 43. Kc2 Kc4 44. Bd8 Re6 45. Bc7 Re2+ 46. Kd1 Rf2 47.
Bxf4 Rxf3 48. Bh6 g5 49. Bg7 Rf2 50. Ke1 Ra2 51. Bxf6 g4 52. Kf1 Kd3 53. c4 Kxc4 54.
Be5 Kd3 55. Kg1 Ke4 0-1

[Event "*** Qualifier 4: Titled Tuesday 3|2 Blitz"]
[Site "Chess.com"]
[Date "2017.04.25"]
[Round "2"]
[White "gumersindo"]
[Black "popov_m"]
[Result "0-1"]
[WhiteElo "2264"]
[BlackElo "2412"]
[TimeControl "180+2"]
[EndTime "13:21:00 PDT"]
[Termination "popov_m won on time"]

1. d4 g6 2. c4 Bg7 3. Nf3 Nf6 4.
Nc3 O-O 5. e4 d6 6. Be2 e5 7.
O-O Nc6 8. d5 Ne7 9. Ne1 Nd7 10.
Nd3 f5 11. Bd2 fxe4 12. Nxe4 Nf5 13. f3 Nd4 14. Re1 Nf6 15. Ndf2 Nh5 16. Bd3 Nf4 17. Bxf4 Rxf4 18. Rc1 b6 19. b4 a5 20. a3 axb4 21.
axb4 Bb7 22. Nh3 Rf8 23. Neg5 Qd7 24. f4 exf4 25. Nxh7 f3 26. Nxf8 Rxf8 27. Qd2 Qg4 28. Be4 Bh6 29. Qf2 Bxc1 30. g3 Ne2+ 31. Rxe2 fxe2 0-1

[Event "*** Qualifier 4: Titled Tuesday 3|2 Blitz"]
[Site "Chess.com"]
[Date "2017.04.25"]
[Round "2"]
[White "DariuszMikrut"]
[Black "LawrenceTrent"]
[Result "1-0"]
[WhiteElo "2414"]
[BlackElo "2386"]
[TimeControl "180+2"]
[EndTime "13:21:04 PDT"]
[Termination "DariuszMikrut won by checkmate"]

1. d4 Nf6 2. c4 g6 3. Nc3 Bg7 4. e4 d6 5. f3 O-O 6. Be3 c5 7. d5 e6 8. Qd2 exd5 9. cxd5 Nbd7 10. Nh3 Ne5 11. Nf2 h5 12. Be2 Nh7 13. f4 Ng4 14.
Nxg4 hxg4 15. O-O f5 16. e5 dxe5 17. Bxc5 Re8 18. d6 exf4 19. Bc4+ Kh8 20. Bf7 Re5 21. Bd4 Qxd6 22. Qxf4 g5 23. Qd2 Bd7 24. Rad1 Bc6 25. Bd5 Bxd5 26. Bxe5 Bxe5 27. Qxd5 Bxh2+ 28. Kf2 Qg3+ 29. Ke2 Re8+ 30. Kd2 Nf6 31. Qxb7 Ne4+ 32. Nxe4 Rxe4 33. Qc8+ Kg7 34. Qxf5 Qxg2+ 35. Kc1 Rc4+ 36. Kb1 Bf4 37. Rd7+ Kh6 38. Rh7# 1-0

[Event "*** Qualifier 4: Titled Tuesday 3|2 Blitz"]
[Site "Chess.com"]
[Date "2017.04.25"]
[Round "2"]
[White "roldieyi"]
[Black "EgorGeroev"]
[Result "0-1"]
[WhiteElo "2125"]
[BlackElo "2433"]
[TimeControl "180+2"]
[EndTime "13:21:06 PDT"]
[Termination "EgorGeroev won by checkmate"]

1. d4 Nf6 2. Nf3 g6 3. c4 Bg7 4. Nc3 d5 5. e3 O-O 6. Be2 e6 7. O-O b6 8. a3 c5 9. Ne5 Bb7 10. Bf3 Nbd7 11. Nxd7 Qxd7 12. dxc5 bxc5 13. cxd5 exd5 14. Qb3 Rab8 15. Rd1 Bc6 16. Qa2 Rfd8 17.
Ne4 dxe4 18. Rxd7 Rxd7 19. Be2 Bd5 20. Qb1 Bb3 21. f3 Rbd8 22. fxe4 Rd1+ 23. Bxd1 Rxd1+ 24. Kf2 Ng4+ 25. Ke2 Ne5 26. a4 c4 27. a5 Nd3 28.
a6 Re1+ 29. Kf3 Rf1+ 30. Kg4 h5+ 31. Kh3 Nf2+ 32. Kg3 Be5+ 33. Kh4 Bf6+ 34. Kg3 h4+ 35. Kf4 Nd3+ 36. Kg4 Bd1+ 37. Kh3 Nf2# 0-1

[Event "*** Qualifier 4: Titled Tuesday 3|2 Blitz"]
[Site "Chess.com"]
[Date "2017.04.25"]
[Round "2"]
[White "djano"]
[Black "BogdanDeac"]
[Result "0-1"]
[WhiteElo "2429"]
[BlackElo "2564"]
[TimeControl "180+2"]
[EndTime "13:21:17 PDT"]
[Termination "BogdanDeac won by resignation"]

1. d4 Nf6 2. Bf4 c5 3. e3 Qb6 4.
Nc3 d6 5. dxc5 Qxc5 6. Nf3 g6 7. Be2 Bg7 8. O-O O-O 9. h3 Nc6 10. Qd2 Be6 11. Rfe1 Rfc8 12. Rac1 Qb4 13. Rb1 Qa5 14. a3 a6 15. e4 b5 16. e5 dxe5 17. Nxe5 Nxe5 18.
Bxe5 b4 19. Bxf6 bxc3 20. Bxc3 Rxc3 21. bxc3 Bxc3 22. Qc1 Bxe1 23. Qxe1 Qxa3 24. Bf3 Rc8 25. Qe5 Qc5 26. Qf4 Qxc2 27. Ra1 Qc3 28. Rxa6 Qe1+ 29. Kh2 Qxf2 30. Rxe6 fxe6 31. Qe5 Qc5 32. Qxe6+ Kg7 33. Bd5 Qd6+ 34. Qxd6 exd6 35. Kg3 Rc5 36. Bf3 Re5 37. Kf4 Kf6 38. h4 h6 39. g4 g5+ 40.
hxg5+ hxg5+ 41. Kg3 Re3 42. Kf2 Rc3 43. Be4 Ke5 44.
Bf5 Kf4 45. Ke2 d5 46. Kd2 d4 47. Be6 Rg3 48. Bd7 Rxg4 0-1

[Event "*** Qualifier 4: Titled Tuesday 3|2 Blitz"]
[Site "Chess.com"]
[Date "2017.04.25"]
[Round "2"]
[White "Rikikits"]
[Black "XDPS"]
[Result "1-0"]
[WhiteElo "2609"]
[BlackElo "2525"]
[TimeControl "180+2"]
[EndTime "13:21:18 PDT"]
[Termination "Rikikits won by checkmate"]

1. e4 c5 2. Nf3 d6 3. d4 cxd4 4.
Nxd4 Nf6 5. Nc3 a6 6. h3 e6 7. g4 h6 8. Be3 Be7 9. Qd2 Nc6 10. O-O-O Nxd4 11. Bxd4 e5 12. Be3 Be6 13. f4 Rc8 14. f5 Bc4 15. Bd3 Qa5 16. Kb1 b5 17.
Bxc4 Rxc4 18. Qd3 Rxc3 19. bxc3 Qa4 20. g5 Nxe4 21. f6 gxf6 22. gxh6 f5 23. Rhg1 Kd7 24. Bc1 Qc4 25. Kb2 Ke6 26. Rdf1 d5 27. Qf3 f4 28.
Rd1 Rxh6 29. Rd3 b4 30. cxb4 Qxb4+ 31. Ka1 Bf6 32. Bb2 Nc5 33. Qxd5+ Kf5 34. Rd4 Qb5 35.
c4 Qa5 36. Rxf4+ Kxf4 37. Rf1+ Kg5 38. Qg2+ Kh5 39. Qg4# 1-0

[Event "*** Qualifier 4: Titled Tuesday 3|2 Blitz"]
[Site "Chess.com"]
[Date "2017.04.25"]
[Round "2"]
[White "Astaneh"]
[Black "AkshatChandra"]
[Result "0-1"]
[WhiteElo "2458"]
[BlackElo "2684"]
[TimeControl "180+2"]
[EndTime "13:21:22 PDT"]
[Termination "AkshatChandra won on time"]

1. d4 Nf6 2. c4 e6 3. Nf3 b6 4.
Qc2 Bb7 5. Nc3 Bb4 6. a3 Bxc3+ 7.
Qxc3 O-O 8. b4 a5 9. b5 d6 10. Bb2 Nbd7 11. e3 Ne4 12. Qc2 f5 13. Nd2 e5 14. a4 exd4 15. Bxd4 Qe7 16. Bd3 Nxd2 17. Qxd2 Nc5 18. f3 Rad8 19. Qc3 Qh4+ 20. Kf1 Qe7 21.
Bc2 Rde8 22. Re1 Qf7 23. Kf2 Re7 24. Re2 Rfe8 25. Rhe1 Ne6 26. Qd3 Be4 27. Qc3 Bxc2 28. Qxc2 f4 29. Qd2 Qh5 30. exf4 Qxh2 31. Be3 Rf8 32.
Qd5 Kh8 33. f5 Nc5 34. Bxc5 Rxe2+ 35. Rxe2 dxc5 36. Qe5 Qh4+ 37. Kf1 Qh1+ 38. Kf2 Qh4+ 39. Kf1 Qxc4 40. Qxc7 Re8 41. Kg1 Qxe2 0-1